 Dungeon Crawl Stone Soup version 0.32-a0-290-g598725c5f2 (webtiles) character file.

Game seed: 4017635061710645389

1793 kae the Changeling (level 8, -3/56 (61) HPs)
             Began as a Demonspawn Shapeshifter on Feb 13, 2024.
             Slain by a wight
             ... wielding a +4 dagger of freezing
              (8 damage)
             ... on level 7 of the Dungeon.
             The game lasted 00:07:22 (5904 turns).

kae the Changeling (Demonspawn Shapeshifter)        Turns: 5904, Time: 00:07:22

HP:   -3/56 (61)    AC:  1    Str: 14    XL:     8   Next: 82%
MP:   0/8           EV: 18    Int: 11    God:
Gold: 276           SH:  0    Dex: 15    Spells: 7/7 levels left

rFire   + .          .
                       - Unarmed
rCold   + . .        (shield currently unavailable)
rNeg    . . .        a - melded +0 animal skin
rPois   +            (no helmet)
rElec   +            e - +0 cloak
rCorr   +            (gloves unavailable)
SInv    .            (no boots)
Will    +....        G - amulet of guardian spirit
Stlth   +            L - ring of flight
HPRegen 0.29/turn    (no ring)
MPRegen 0.11/turn

%: guardian spirit
@: flux-form, resistant, enlightened, flying, glowing, drained
A: glow, contaminating, repulsion field 1, demonic touch 3
a: Begin Untransformation


You were on level 7 of the Dungeon.
You were something dangerously unstable.
You visited 1 branch of the dungeon, and saw 7 of its levels.

You collected 276 gold pieces.


Innate Abilities, Weirdness & Mutations

You are something dangerously unstable.
You glow with magical radiation, making you easy to see and hit.
Foes you strike become dangerously contaminated with magical radiation.
You are incapable of wielding weapons or throwing items.
You are surrounded by a mild repulsion field. (EV +2)
Your touch may irresistibly damage your foes and sap their willpower.


   Skills:
 + Level 4.7 Fighting
 - Level 1.7 Dodging
 * Level 6.7 Unarmed Combat
 + Level 7.2 Shapeshifting


You had 7 spell levels left.
You didn't know any spells.
Your spell library contained the following spells:

 Spells                   Type           Power      Damage    Failure   Level
 Freeze                   Ice            0%         1d3       34%         1
 Cigotuvi's Dreadful Rot  Necr/Alch/Air  0%         N/A       47%         2
 Frozen Ramparts          Ice            0%         1d1       71%         3
 Hailstorm                Conj/Ice       0%         3d5       71%         3
 Vampiric Draining        Necr           0%         2d6       71%         3
 Brom's Barrelling Bould  Conj/Erth      0%         2d3       98%         4
 Fireball                 Conj/Fire      0%         3d3       100%        5
 Iskenderun's Battlesphe  Conj           0%         2d6       100%        5
 Conjure Ball Lightning   Conj/Air       0%         3x3d6     100%        6
 Haunt                    Necr/Summ      0%         N/A       100%        7
 Orb of Destruction       Conj           0%         9d5       100%        7

Inventory:

Missiles
 b - 4 javelins
 f - 20 poisoned darts
 g - 2 atropa-tipped darts (quivered)
 m - 48 stones
 o - 3 boomerangs
Armour
 a - a +0 animal skin (melded)
 e - a +0 cloak (worn)
   (You found it on level 1 of the Dungeon)
 n - a +1 ring mail of willpower
   (You found it on level 2 of the Dungeon)
 s - a +0 scale mail of cold resistance
   (You found it on level 3 of the Dungeon)
Magical Staves
 j - a staff of earth {!a}
   (You found it on level 1 of the Dungeon)
 t - a staff of death {!a}
   (You found it on level 5 of the Dungeon)
 z - a staff of fire {!a}
   (You found it on level 6 of the Dungeon)
Jewellery
 G - an amulet of guardian spirit (around neck)
   (You found it on level 3 of the Dungeon)
 L - a ring of flight (left hand)
   (You found it on level 4 of the Dungeon)
Talismans
 c - a beast talisman
 d - a flux talisman (active)
Wands
 k - a wand of flame (4)
   (You took it off Ijyb on level 3 of the Dungeon)
Scrolls
 h - 2 scrolls of teleportation {@r4}
 i - 2 scrolls of fog
 y - a scroll of brand weapon
 A - a scroll of immolation {!r!r}
Potions
 l - 2 potions of brilliance
 p - 2 potions of resistance
 q - a potion of enlightenment
 r - 2 potions of mutation {!q}
 w - a potion of invisibility
 x - a potion of attraction {!q}

Dungeon Overview and Level Annotations

Branches:
Dungeon (7/15) Zot: 26965  Temple (0/1) D:7

Altars:
Okawaru

Shops:
D:5

[ **,,,,,,,*
###.##......##.,,,,.* *,,,,,,,,*
####.##.###..###**...* ,,,,,,,,**
#.......#....).##...#* ,,,*,,,***
*.#...##............#,
******,,,###+###..#.#..)..###,,*,
,** **,,,#.....#....#.....# *,,*,
,,***,,,,#.⌠.⌠)#....#.....# *,,**
,,,**,,,,+..>.zzz...#....<# *,,,*
,,,**,,,,#.⌠.⌠z#p...#.....# **,,*
,,,**,,,,#.....#....#.....# *,,,
,,***,,,,###+###....#.....# **,,
,** *,,,,,,,........####### ***
** **,,,,,,,,.....## *
**,,,,,*<....## ********#####


You could see 3 wights.


Message History

You now have 56 max hp (-1).
You take 9 damage, and now have 40/56 hp.
You lost 1 mp, and now have 6/8 mp.
You closely miss Jeremiah.
You touch Jeremiah!
You sap their willpower!
Jeremiah completely misses you.
Unknown command.
You hit Jeremiah.
Jeremiah shudders as magic cascades through them.
Jeremiah twists and deforms.
You touch Jeremiah!
You sap their willpower!
Jeremiah hops!
Jeremiah hops!
Aiming: Throw Flame
Press: ? - help, Shift-Dir - straight line, f - Jeremiah
Aim: Jeremiah, wielding a +3 trident of draining, wearing a +0 robe and wearing an orb of mayhem (almost dead, weak-willed, misshapen and mutated, 60% to hit)
The puff of flame hits Jeremiah. 😮 HP[+1]
Aiming: Throw Flame
Press: ? - help, Shift-Dir - straight line, f/p - Jeremiah
Aim: Jeremiah, wielding a +3 trident of draining, wearing a +0 robe and wearing an orb of mayhem (almost dead, weak-willed, misshapen and mutated, 60% to hit)
The puff of flame hits Jeremiah!
You kill Jeremiah!
The butterfly disappears in a burst of colours! x12
Your life force feels restored.
Your Shapeshifting skill increases to level 7! 😮 HP[+1]
You now have 61 max hp (+5). 😮 HP[+1]
You hit the ogre.
The ogre begins to glow.
The ogre barely misses you. 😮 MP[+1]
You hit the ogre.
The ogre glows dangerously bright.
Unknown command.
You hit the ogre.
The ogre shudders as magic cascades through it!!
You kill the ogre!
You see here a +0 giant spiked club. 😮 HP[+1] 😮 HP[+1]
As you read the scroll of revelation, it crumbles to dust.
You feel aware of your surroundings.
You sensed 2 altars, and 1 shop/portal.
Found a falchion.
Found a staircase to the Ecumenical Temple. 😕 HP[+1] MP[+1]
Your mp is fully restored (8).
Okay, then.
Okay, then.
Okay, then.
You feel protected. 😕 HP[+1]
You feel more buoyant.
You reach down and open the door.
A wight comes into view. It is wielding a +4 dagger of freezing.
The wight moves out of view.
A wight comes into view. It is wielding a +0 mace.
The wight closely misses you.
There is an open door here. 😕 HP[+1]
You closely miss the wight. The wight closely misses you.
You hit the wight but do no damage.
The wight begins to glow.
Your touch misses the wight. The wight hits you with a +0 hand axe!
You feel drained.
The wight hits you with a +0 flail. 😮 HP[-13] MP[-3]
You now have 60 max hp (-1).
You take 13 damage, and now have 35/60 hp.
MASSIVE DAMAGE!! (PAUSE)
You lost 3 mp, and now have 5/8 mp.
Unknown command.
The wight attacks as it pursues you! The wight hits you with a +0 hand axe!
* * * LOW HITPOINT WARNING * * *
😨 HP[-6] MP[-1]
You take 6 damage, and now have 29/60 hp.
You lost 1 mp, and now have 4/8 mp.
You closely miss the wight.
Unknown command.
You hit the wight but do no damage.
The wight begins to glow.
Your touch misses the wight.
Unknown command.
The wight hits you with a +4 dagger of freezing!
* * * LOW HITPOINT WARNING * * *
You feel drained.
* * * LOW HITPOINT WARNING * * *
The wight freezes you.
* * * LOW HITPOINT WARNING * * *
The wight closely misses you. The wight hits you with a +0 hand axe!
* * * LOW HITPOINT WARNING * * *
You feel drained.
* * * LOW HITPOINT WARNING * * *
There is an open door, spattered with blood here. 😱 HP[-25] MP[-2]
You now have 56 max hp (-4).
You take 25 damage, and now have 4/56 hp.
MASSIVE DAMAGE!! (PAUSE)
You lost 2 mp, and now have 2/8 mp.
Okay, then.
Okay, then.
The wight completely misses you. 😱 HP[+1]
You hit the wight but do no damage.
The wight glows dangerously bright.
The wight hits you with a +4 dagger of freezing!
You die...

Skill      XL: |  1  2  3  4  5  6  7  8 |
---------------+-------------------------+-----
Shapeshifting  | 3 4 5 6 7 |  7.2
Unarmed Combat | 3 5 6 |  6.7
Fighting       | 2 3 4 |  4.7
Dodging        | |  1.7

Action                     |  1- 3 |  4- 6 |  7- 9 || total
---------------------------+-------+-------+-------++-------
  Melee: Unarmed           |    78 |   154 |   150 ||   382
         Punch             |     1 |     3 |       ||     4
         Touch             |     9 |    17 |    31 ||    57
  Evoke: Wand              |       |     9 |     2 ||    11
    Use: Scroll            |       |     9 |     6 ||    15
         Potion            |       |     6 |     2 ||     8
   Stab: Sleeping          |     2 |     2 |       ||     4
 Armour: Animal skin       |    43 |    26 |       ||    69
         Skin              |       |    66 |    57 ||   123
  Dodge: Dodged            |    39 |   128 |   111 ||   278
   Form: Flux              |       |     1 |     1 ||     2
                           |       |       |     1 ||     1

Levels and vault maps discovered:
D:1:      minmay_arrival_radiant_lines, layout_loops_ring,
          shapermc_ecumenical_altar_starsandcircs
D:2:      layout_loops_ring, minmay_cupped
D:3:      layout_basic, mainiacjoe_overflow_brackets, uniq_ijyb, uniq_grinder
D:4:      layout_cave_pools, uniq_eustachio, uniq_robin
D:5:      layout_gridville, serial_shops, nicolae_shop_hallway_plus,
          uniq_sigmund
D:6:      layout_rooms
D:7:      layout_rooms, nicolae_ru_awakened_eye, minmay_temple_entry_hall,
          enter_ossuary_5, gammafunk_ghost_wrathful_warriors, hex_intersection,
          skrybe_limestone_x, uniq_jeremiah

Notes
Turn   | Place    | Note
-------+----------+-------------------------------------------
     0 | D:1      | kae the Demonspawn Shapeshifter began the quest for the
                  | Orb.
     0 | D:1      | Reached XP level 1. HP: 15/15 MP: 1/1
     0 | D:1      | magus.rc [v1.11.3]
   106 | D:1      | Reached skill level 3 in Shapeshifting
   164 | D:1      | Gained mutation: Your touch may inflict minor irresistible
                  | damage on your foes. [demonic ancestry]
   164 | D:1      | Reached XP level 2. HP: 21/21 MP: 2/2
   280 | D:1      | Found a faded altar of an unknown god.
   482 | D:1      | Gained mutation: You are surrounded by a mild repulsion
                  | field. (EV +2) [demonic ancestry]
   482 | D:1      | Reached XP level 3. HP: 24/26 MP: 3/3
   789 | D:2      | Reached skill level 4 in Shapeshifting
   926 | D:2      | Gained mutation: Your touch may inflict irresistible damage
                  | on your foes. [demonic ancestry]
   926 | D:2      | Reached XP level 4. HP: 31/32 MP: 4/4
   963 | D:2      | You pick up a book of Frost and begin reading...
   963 | D:2      | You add the spells Freeze, Frozen Ramparts and Hailstorm to
                  | your library.
  1867 | D:3      | Noticed Grinder
  2043 | D:3      | Gained mutation: Your touch may irresistibly damage your
                  | foes and sap their willpower. [demonic ancestry]
  2043 | D:3      | Reached XP level 5. HP: 29/37 MP: 5/5
  2092 | D:3      | Reached skill level 5 in Shapeshifting
  2097 | D:3      | Found an iron altar of Okawaru.
  2231 | D:3      | Noticed Ijyb
  2259 | D:4      | Noticed an ogre
  2260 | D:4      | Noticed Eustachio
  2271 | D:4      | Killed an ogre
  2396 | D:4      | Reached XP level 6. HP: 26/43 MP: 6/6
  2688 | D:3      | Killed Ijyb
  2757 | D:3      | Reached skill level 6 in Shapeshifting
  3223 | D:3      | HP: 9/38 [gnoll/+0 club (3)]
  3229 | D:3      | Reached skill level 3 in Unarmed Combat
  3232 | D:3      | HP: 6/38 [gnoll/+0 club (6)]
  3421 | D:3      | Paralysed by Grinder for 5 turns
  3429 | D:3      | Paralysed by Grinder for 3 turns
  3432 | D:3      | Killed Grinder
  3433 | D:3      | Reached skill level 2 in Fighting
  3433 | D:3      | Reached XP level 7. HP: 21/50 MP: 7/7
  3841 | D:4      | Reached skill level 4 in Unarmed Combat
  3909 | D:4      | Noticed Robin
  3922 | D:4      | Killed Robin
  4191 | D:4      | Killed Eustachio
  4453 | D:5      | Entered Level 5 of the Dungeon
  4630 | D:5      | You add the spells Cigotuvi's Dreadful Rot, Vampiric
                  | Draining and Haunt to your library.
  4630 | D:5      | Got the Handbook of Necromantic Spells
  4643 | D:5      | Reached skill level 3 in Fighting
  4734 | D:5      | Noticed Sigmund
  4738 | D:5      | Killed Sigmund
  4739 | D:5      | Reached skill level 5 in Unarmed Combat
  4739 | D:5      | Reached XP level 8. HP: 56/58 MP: 8/8
  4920 | D:5      | Found Liben's Armour Boutique.
  5010 | D:5      | You pick up a book of the Spheres and begin reading...
  5010 | D:5      | You add the spells Brom's Barrelling Boulder, Iskenderun's
                  | Battlesphere, Fireball, Conjure Ball Lightning and Orb of
                  | Destruction to your library.
  5623 | D:6      | Reached skill level 4 in Fighting
  5779 | D:6      | Reached skill level 6 in Unarmed Combat
  5869 | D:7      | Noticed Jeremiah
  5878 | D:7      | Killed Jeremiah
  5879 | D:7      | Reached skill level 7 in Shapeshifting
  5888 | D:7      | Found a staircase to the Ecumenical Temple.
  5902 | D:7      | HP: 14/58 [wight/+4 dagger of freezing (4)]
  5902 | D:7      | HP: 6/58 [wight/+0 hand axe (7)]
  5904 | D:7      | Slain by a wight

Vanquished Creatures
  Jeremiah (D:7)
  Grinder (D:3)
  Sigmund (D:5)
  Eustachio (D:4)
  A black bear (D:6)
  2 ogres
  A phantom (D:6)
  2 bombardier beetles
  2 hounds
  5 iguanas
  Ijyb (D:3)
  3 sleepcaps
  Robin (D:4)
  9 adders
  4 gnolls (D:3)
  A shadow imp (D:5)
  A white imp (D:6)
  A ribbon worm (D:2)
  2 dart slugs
  6 orcs
  10 bats
  11 endoplasms
  5 giant cockroaches
  14 goblins
  9 hobgoblins
  4 quokkas
  7 ball pythons
  6 frilled lizards
  10 kobolds
  4 rats
126 creatures vanquished.

Table legend:
 A = Non-vault XP
 B = Vault XP
 C = Vault XP percentage of total XP
 D = Non-vault monster count
 E = Vault monster count
 F = Vault count percentage of total count
                 A         B        C        D         E       F
            +---------+---------+-------+---------+---------+-------
      Total |    1383 |    1179 |  46.0 |     106 |      20 |  15.9
            +---------+---------+-------+---------+---------+-------
        D:1 |      53 |       0 |   0.0 |      21 |       0 |   0.0
        D:2 |     117 |       9 |   7.1 |      25 |       4 |  13.8
        D:3 |     175 |     310 |  63.9 |      24 |       2 |   7.7
        D:4 |     248 |     238 |  49.0 |      16 |      12 |  42.9
        D:5 |     159 |     227 |  58.8 |       7 |       1 |  12.5
        D:6 |     509 |       0 |   0.0 |      12 |       0 |   0.0
        D:7 |     122 |     395 |  76.4 |       1 |       1 |  50.0
            +---------+---------+-------+---------+---------+-------

Skill      XL: |  1  2  3  4  5  6  7  8 |
---------------+-------------------------+-----
Shapeshifting  | 3 4 5 6 7 |  7.2
Unarmed Combat | 3 5 6 |  6.7
Fighting       | 2 3 4 |  4.7
Dodging        | |  1.7

Action                     |  1- 3 |  4- 6 |  7- 9 || total
---------------------------+-------+-------+-------++-------
  Melee: Unarmed           |    78 |   154 |   150 ||   382
         Punch             |     1 |     3 |       ||     4
         Touch             |     9 |    17 |    31 ||    57
  Evoke: Wand              |       |     9 |     2 ||    11
    Use: Scroll            |       |     9 |     6 ||    15
         Potion            |       |     6 |     2 ||     8
   Stab: Sleeping          |     2 |     2 |       ||     4
 Armour: Animal skin       |    43 |    26 |       ||    69
         Skin              |       |    66 |    57 ||   123
  Dodge: Dodged            |    39 |   128 |   111 ||   278
   Form: Flux              |       |     1 |     1 ||     2
                           |       |       |     1 ||     1

Illustrated notes

Table legend:
 A = Kills in this place as a percentage of kills in the entire game.
 B = Kills by you in this place as a percentage of kills by you in the entire game.
 C = Kills by friends in this place as a percentage of kills by friends in the entire game.
 D = Other kills in this place as a percentage of other kills in the entire game.
 E = Experience gained in this place as a percentage of experience gained in the entire game.
 F = Experience gained in this place divided by the number of levels of this place that you have seen.
                   A       B       C       D       E      F
               +-------+-------+-------+-------+-------+----------------------
         Total | 100.0 | 100.0 |   N/A |   N/A | 100.0 | 366.0
       Dungeon | 100.0 | 100.0 |   N/A |   N/A | 100.0 | 366.0
               +-------+-------+-------+-------+-------+----------------------

Table legend: (Time is in decaauts)
 A = Elapsed time spent in this place.
 B = Non-inter-level travel time spent in this place.
 C = Inter-level travel time spent in this place.
 D = Time resting spent in this place.
 E = Time spent auto-exploring this place.
 F = Levels seen in this place.
 G = Mean time per level.
                   A        B        C        D        E       F      G
               +--------+--------+--------+--------+--------+-----+--------+
         Total |   5881 |   5720 |    161 |    558 |   4185 |   7 |  840.1 |
       Dungeon |   5881 |   5720 |    161 |    558 |   4185 |   7 |  840.1 |
               +--------+--------+--------+--------+--------+-----+--------+

Top non-repeatable levels by time:
     D:3: 1565 daAuts
     D:2: 1254 daAuts
     D:4: 879 daAuts
     D:5: 768 daAuts
     D:1: 740 daAuts
     D:6: 639 daAuts
     D:7: 33 daAuts
